 Dungeon Crawl Stone Soup version 0.29-a0-416-g83a48905f1 (webtiles) character file.

Game seed: 15092427389137744322

71 xian the Sneak (level 4, -3/27 HPs)
             Began as a Gargoyle Brigand on May 16, 2022.
             Was a Believer of Kikubaaqudgha.
             Slain by an orc priest
             ... wielding a +0 falchion
              (4 damage)
             ... on level 3 of the Dungeon.
             The game lasted 00:07:02 (1988 turns).

xian the Sneak (Gargoyle Brigand)                   Turns: 1988, Time: 00:07:02

Health: -3/27      AC:  6    Str: 17    XL:     4   Next: 24%
Magic:  0/4        EV: 11    Int: 11    God:    Kikubaaqudgha [**....]
Gold:   98         SH:  0    Dex: 11    Spells: 2/3 levels left

rFire   . . .      SeeInvis .   a - +2 dagger
rCold   . . .      Faith    .   (no shield)
rNeg    + . .      Spirit   +   b - +0 robe
rPois   ∞          Reflect  .   (no helmet)
rElec   +          Harm     .   c - +0 cloak
rCorr   .          Rampage  .   (no gloves)
Will    .....                   (no boots)
Stlth   +++.......              l - amulet of guardian spirit
HPRegen 0.09/turn               (no ring)
MPRegen 0.09/turn               (no ring)

@: no status effects
A: sickness immunity, AC +3, negative energy resistance 1, electricity
resistance, torment resistance 1, petrification resistance
a: Renounce Religion, Receive Corpses


You were on level 3 of the Dungeon.
You worshipped Kikubaaqudgha.
Kikubaaqudgha was pleased with you.
You visited 1 branch of the dungeon, and saw 3 of its levels.

You collected 98 gold pieces.

Inventory:

Hand Weapons
 a - a +2 dagger (weapon)
Missiles
 d - 8 poisoned darts (quivered)
 e - 3 curare-tipped darts
Armour
 b - a +0 robe (worn)
 c - a +0 cloak (worn)
Jewellery
 l - an amulet of guardian spirit (around neck)
Wands
 o - a wand of acid (10)
 r - a wand of charming (5)
Scrolls
 g - a scroll of enchant weapon {unknown}
 i - a scroll of noise {unknown}
 k - 3 scrolls of torment {unknown}
 m - 2 scrolls of identify {unknown}
 n - a scroll of magic mapping {unknown}
 p - a scroll of acquirement {unknown}
Potions
 f - a potion of resistance {unknown}
 h - 2 potions of flight {unknown}
 j - 2 potions of curing {unknown}
 q - a potion of heal wounds {unknown}


   Skills:
 + Level 2.5 Fighting
 + Level 2.1 Short Blades
 + Level 2.1 Throwing
 + Level 1.1 Dodging
 + Level 5.6 Stealth


You had 2 spell levels left.
You knew the following spells:

 Your Spells              Type           Power      Damage    Failure   Level
a - Animate Skeleton      Necr           0%         N/A       34%         1

Your spell library contained the following spells:

 Spells                   Type           Power      Damage    Failure   Level
 Pain                     Necr           0%         1d4       34%         1
 Blink                    Tloc           0%         N/A       47%         2
 Vampiric Draining        Necr           0%         2d6       71%         3
 Agony                    Necr           0%         N/A       100%        5
 Freezing Cloud           Conj/Ice/Air   0%         6-21      100%        5
 Manifold Assault         Tloc           0%         N/A       100%        5
 Simulacrum               Ice/Necr       0%         N/A       100%        6
 Storm Form               Tmut/Air       0%         N/A       100%        7
 Polar Vortex             Ice            0%         N/A       100%        9


Dungeon Overview and Level Annotations

Branches:
Dungeon (3/15)

Altars:
Kikubaaqudgha

Shops:
D:2 ?


Innate Abilities, Weirdness & Mutations

You are immune to sickness and miasma.
Your stone body is resilient. (AC +3)
You are immune to poison.
You resist negative energy. (rN+)
You are resistant to electric shocks. (rElec)
You are resistant to unholy torment.
You are immune to petrification.


Message History

The orc hits you with a +0 war axe!
* * * LOW HITPOINT WARNING * * *
The orc completely misses you.
Unknown command.
You hit the orc.
You kill the orc!
Kikubaaqudgha accepts your kill.
A rat comes into view.
The orc misses you. The orc closely misses you.
The orc priest barely misses you.
Things that are here:
a +0 mace; an orc corpse You hit the orc priest.
The orc priest is heavily wounded.
The orc hits you with a +0 whip.
* * * LOW HITPOINT WARNING * * *
The orc closely misses you.
The orc priest hits you but does no damage.
You hit the orc priest.
The orc priest is heavily wounded.
The orc hits you but does no damage. The orc closely misses you.
The orc priest barely misses you.
You hit the orc priest.
The orc priest is severely wounded.
The orc hits you but does no damage. The orc barely misses you.
The orc priest hits you but does no damage.
You barely miss the orc priest.
The orc priest is severely wounded.
The orc barely misses you. The orc closely misses you.
The orc priest barely misses you.
You barely miss the orc priest.
The orc priest is severely wounded.
The orc hits you but does no damage. The orc barely misses you.
The orc priest barely misses you.
You hit the orc priest but do no damage.
The orc priest is severely wounded.
The orc misses you. The orc barely misses you.
The orc priest hits you with a +0 falchion.
You die...
Kikubaaqudgha rasps: "You have failed me!
Welcome... oblivion!"

.. .. #( .. .#
r# ###o# #.@o#
#o### #.#
######.#####
#..........#
#..........###
#.(...........
#..........###
#..........#


You could see an orc priest, 2 orcs and a rat.

Vanquished Creatures
  An adder (D:2)
  An adder zombie (D:2)
  An adder skeleton (D:2)
  An orc (D:3)
  5 ball pythons
  7 endoplasms
  5 giant cockroaches
  3 goblins
  7 hobgoblins
  7 kobolds
  A ball python skeleton (D:2)
  3 bats (D:2)
  3 frilled lizards
  4 rats (D:1)
49 creatures vanquished.

Notes
Turn   | Place    | Note
-------+----------+-------------------------------------------
     0 | D:1      | xian the Gargoyle Brigand began the quest for the Orb.
     0 | D:1      | Reached XP level 1. HP: 12/12 MP: 1/1
   195 | D:1      | Reached XP level 2. HP: 10/17 MP: 2/2
   683 | D:1      | Reached skill level 5 in Stealth
   688 | D:1      | Found a faded altar of an unknown god.
   713 | D:1      | Prayed at the altar of an unknown god.
   713 | D:1      | Became a worshipper of Kikubaaqudgha
   713 | D:1      | Reached * piety under Kikubaaqudgha
   713 | D:1      | Received a gift from Kikubaaqudgha
   730 | D:1      | Reached XP level 3. HP: 22/22 MP: 3/3
  1150 | D:2      | Found Jinteablo's Magic Scroll Boutique.
  1206 | D:2      | Reached skill level 1 in Dodging
  1829 | D:2      | Reached ** piety under Kikubaaqudgha
  1830 | D:2      | Reached XP level 4. HP: 27/27 MP: 4/4
  1971 | D:3      | Learned a level 1 spell: Animate Skeleton
  1983 | D:3      | HP: 1/27 [orc/+0 whip (1)]
  1988 | D:3      | Slain by an orc priest

Illustrated notes

Levels and vault maps discovered:
D:1:      arrival_zaba_pyramid, layout_basic,
          hellmonk_ecumenical_altar_arch_garden
D:2:      minmay_spotlight, layout_rooms, serial_shops, shop, serial_undead,
          serial_undead_f, serial_undead_e, serial_undead_e, serial_undead_d,
          minmay_worlds_worst_comb
D:3:      layout_rooms, serial_shops, shop, minivault_23

Skill      XL: |  1  2  3 |
---------------+----------+-----
Throwing       | 2 |  2.1
Stealth        | 5 |  5.6
Short Blades   | 2 |  2.1
Dodging        | 1 |  1.1
Fighting       | |  2.5

Action                   |  1- 3 |  4- 6 || total
-------------------------+-------+-------++-------
Melee: Dagger            |    99 |    42 ||   141
Throw: Dart              |    17 |       ||    17
 Stab: Sleeping          |    12 |       ||    12
Armor: Robe              |    38 |    17 ||    55
Dodge: Dodged            |    60 |    30 ||    90

Table legend: (Time is in decaauts)
 A = Elapsed time spent in this place.
 B = Non-inter-level travel time spent in this place.
 C = Inter-level travel time spent in this place.
 D = Time resting spent in this place.
 E = Time spent auto-exploring this place.
 F = Levels seen in this place.
 G = Mean time per level.
                   A        B        C        D        E       F      G
               +--------+--------+--------+--------+--------+-----+--------+
         Total |   1972 |   1963 |      9 |      0 |   1411 |   3 |  657.3 |
       Dungeon |   1972 |   1963 |      9 |      0 |   1411 |   3 |  657.3 |
               +--------+--------+--------+--------+--------+-----+--------+

Top non-repeatable levels by time:
     D:1: 1130 daAuts
     D:2: 808 daAuts
     D:3: 33 daAuts
